 Dungeon Crawl Stone Soup version 0.21.1-1-g345015fe64 (webtiles) character file.

10241 HessuHobo the Bludgeoner (level 11, -1/95 HPs)
             Began as a Minotaur Fighter on May 23, 2018.
             Was a Believer of the Shining One.
             Slain by an iguana (4 damage)
             ... on level 10 of the Dungeon on May 24, 2018.
             The game lasted 00:18:40 (11916 turns).

HessuHobo the Bludgeoner (Minotaur Fighter)        Turns: 11916, Time: 00:18:41

Health: -1/95      AC: 16    Str: 24    XL:     11   Next: 33%
Magic:  7/10       EV:  5    Int:  5    God:    the Shining One [**....]
Gold:   572        SH: 15    Dex: 10    Spells: 10/10 levels left

rFire    . . .     SeeInvis .   m - +0 flail (crush)
rCold    . . .     Gourm    .   c - +0 shield
rNeg     + . .     Faith    .   h - +1 plate armour
rPois    .         Spirit   .   (helmet restricted)
rElec    .         Reflect  .   (no cloak)
rCorr    .         Harm     .   (no gloves)
MR       +....                  (no boots)
Stlth    ..........             (no amulet)
HPRegen  0.25/turn              e - ring of flight
MPRegen  0.12/turn              o - ring of protection from magic

@: divine shield, glowing
A: retaliatory headbutt, horns 2
a: Divine Shield, Renounce Religion, Evoke Flight


You were on level 10 of the Dungeon.
You worshipped the Shining One.
The Shining One was pleased with you.
You were not hungry.

You visited 2 branches of the dungeon, and saw 11 of its levels.

You collected 572 gold pieces.

Inventory:

Hand Weapons
 m - a +0 flail of crushing (weapon)
Armour
 b - a +0 scale mail
 c - a +0 shield (worn)
 h - a +1 plate armour (worn)
Jewellery
 e - a ring of flight (left hand)
 o - a ring of protection from magic (right hand)
Wands
 i - a wand of digging (20)
 y - a wand of paralysis (10)
 z - a wand of enslavement (12)
 A - a wand of iceblast (7)
Scrolls
 j - 5 scrolls of amnesia
 l - 6 scrolls of teleportation
 p - 4 scrolls of identify
 r - 5 scrolls of remove curse
 u - 4 scrolls of enchant armour
 B - a scroll of enchant weapon {unknown}
 C - a scroll of fear {unknown}
Potions
 a - a potion of agility
 g - a potion of experience {unknown}
 x - 2 potions of brilliance
Books
 d - a book of Frost

   Spells                             Type                      Level
   a - Freeze                         Ice                          1
   b - Throw Frost                    Conjuration/Ice              2
   c - Ozocubu's Armour               Charms/Ice                   3
   d - Throw Icicle                   Conjuration/Ice              4
   e - Summon Ice Beast               Ice/Summoning                4
 s - a book of Minor Magic

   Spells                             Type                      Level
   a - Magic Dart                     Conjuration                  1
   b - Blink                          Translocation                2
   c - Call Imp                       Summoning                    2
   d - Slow                           Hexes                        2
   e - Conjure Flame                  Conjuration/Fire             3
   f - Mephitic Cloud                 Conjuration/Poison/Air       3
 t - the Reference Book on Air and Earth
   (You found it on level 7 of the Dungeon)

   Spells                             Type                      Level
   a - Static Discharge               Conjuration/Air              3
   b - Airstrike                      Air                          4
   c - Petrify                        Transmutation/Earth          4
   d - Shatter                        Earth                        9
Comestibles
 f - 14 rations


   Skills:
 + Level 8.6 Fighting
 * Level 15.2 Maces & Flails
 + Level 12.3 Armour
 + Level 3.6 Shields


You had 10 spell levels left.
You didn't know any spells.

Dungeon Overview and Level Annotations

Branches:
Dungeon (10/15)            Temple (1/1) D:6             Orc (0/2) D:9
   Lair: D:8-11

Altars:
Ashenzari
Cheibriados
Dithmenos
Elyvilon
Fedhas
Gozag
Hepliaklqana
Kikubaaqudgha
Makhleb
Nemelex Xobeh
Okawaru
Qazlal
Ru
Sif Muna
Trog
Uskayaw
Vehumet
Wu Jian
Xom
Yredelemnul
Zin
The Shining One

Annotations:
D:4 Eustachio, Pikel


Innate Abilities, Weirdness & Mutations

You reflexively headbutt those who attack you in melee.
You have a pair of horns on your head.


Message History

The yak gores you.
* * * LOW HITPOINT WARNING * * *
Okay, then.
You sock the yak!
You kill the yak!
You block the iguana's attack. The jelly hits you but does no damage.
You sock the iguana! You headbutt the iguana.
The iguana is almost dead.
You block the yak's attack. You block the iguana's attack.
You completely miss the iguana.
The iguana is almost dead.
You block the jelly's attack. You block the yak's attack.
You thump the yak!
The yak is moderately wounded.
You block the iguana's attack. The jelly hits you but does no damage.
You block the yak's attack.
You hit the yak but do no damage. You headbutt the yak.
The yak is heavily wounded.
The iguana bites you.
You die...

##'## #..# #.# ##.# ##.#
###'#### #..#
############# #.))....
..## ............#
#.....). ###
............# #....... #
............# #....... #
......†.J...#####...>...
#
.$....Y@....'..##.......
#
......l.....##..#.......
#
............###.'.......
#######+##### ###.......
#....>.. ######+#


You could see a yak, an iguana and a jelly.

Vanquished Creatures
  4 two-headed ogres
  The ghost of Dickchan the Grappler, a novice DrTm of Cheibriados (D:8)
  The ghost of HessuHobo the Covered, an amateur MiFi (D:4)
  A hornet (D:8)
  A troll (D:10)
  A hippogriff (D:9)
  4 yaks
  Grum (D:10)
  A hungry ghost (D:9)
  2 wargs (D:9)
  Edmund (D:6)
  Duvessa (D:6)
  A black bear (D:7)
  3 sky beasts
  4 orc warriors
  3 wolves (D:10)
  5 ogres
  A necrophage (D:7)
  8 centaurs
  A crocodile (D:6)
  3 big kobolds (D:8)
  Blork the orc (D:4)
  8 bullfrogs
  3 scorpions
  Dowan (D:6)
  3 howler monkeys (D:7)
  6 crimson imps
  2 bullfrog zombies (D:7)
  7 hounds
  A centaur zombie (D:8)
  3 jellies
  A bullfrog skeleton (D:8)
  10 orc priests
  8 orc wizards
  Ijyb (D:5)
  3 iguanas
  5 worker ants
  A killer bee zombie (D:9)
  A hound zombie (D:8)
  2 hound skeletons
  A worker ant zombie (D:8)
  6 gnolls (D:8)
  12 adders
  4 shadow imps
  A white imp (D:9)
  An adder zombie (D:5)
  3 oozes (D:3)
  2 adder skeletons
  2 worms (D:5)
  3 dart slugs
  6 leopard geckos
  47 orcs
  7 giant cockroaches
  5 goblins
  11 hobgoblins
  23 jackals
  16 kobolds
  3 quokkas
  3 ball pythons
  7 bats
  4 frilled lizards
  A quokka zombie (D:6)
  11 rats
294 creatures vanquished.

Notes
Turn   | Place    | Note
-------+----------+-------------------------------------------
     0 | D:1      | HessuHobo the Minotaur Fighter began the quest for the Orb.
     0 | D:1      | Reached XP level 1. HP: 19/19 MP: 0/0
   233 | D:1      | Reached XP level 2. HP: 26/27 MP: 1/1
   591 | D:1      | Reached skill level 3 in Maces & Flails
   911 | D:2      | Reached XP level 3. HP: 33/33 MP: 2/2
  1236 | D:2      | Found a radiant altar of Vehumet.
  1253 | D:2      | Reached skill level 4 in Maces & Flails
  1262 | D:2      | Reached XP level 4. HP: 39/40 MP: 3/3
  2288 | D:3      | Reached skill level 5 in Armour
  2288 | D:3      | Reached XP level 5. HP: 35/46 MP: 4/4
  2427 | D:3      | Reached skill level 5 in Maces & Flails
  2624 | D:3      | Found an iron altar of Okawaru.
  3410 | D:3      | Reached XP level 6. HP: 50/53 MP: 5/5
  3540 | D:4      | Noticed Blork the orc
  3554 | D:4      | Killed Blork the orc
  3554 | D:4      | Reached skill level 6 in Maces & Flails
  3680 | D:4      | Noticed HessuHobo's ghost (amateur MiFi)
  3699 | D:4      | Killed HessuHobo's ghost
  3699 | D:4      | Reached skill level 7 in Maces & Flails
  3699 | D:4      | Reached XP level 7. HP: 36/60 MP: 6/6
  3826 | D:4      | Noticed Pikel
  3875 | D:4      | Noticed Eustachio
  3881 | D:5      | Entered Level 5 of the Dungeon
  4242 | D:5      | Noticed Ijyb
  4258 | D:5      | Killed Ijyb
  4495 | D:5      | Reached skill level 5 in Fighting
  4495 | D:5      | Reached skill level 8 in Maces & Flails
  4892 | D:5      | Reached XP level 8. HP: 62/68 MP: 7/7
  4967 | D:5      | Reached skill level 9 in Maces & Flails
  5089 | D:5      | Found a stormy altar of Qazlal.
  5389 | D:5      | Found a shadowy altar of Dithmenos.
  5995 | D:6      | Found a staircase to the Ecumenical Temple.
  6031 | Temple   | Entered the Ecumenical Temple
  6504 | D:6      | Reached skill level 10 in Maces & Flails
  6966 | D:6      | Noticed Dowan
  6968 | D:6      | Noticed Duvessa
  6975 | D:6      | Killed Dowan
  6986 | D:6      | Killed Duvessa
  7197 | D:6      | Got a shimmering hunting sling
  7198 | D:6      | Identified the +7 hunting sling of Defence by Offence {velocity, *Drain rPois rF++ Stlth+} (You found it on level 6 of the Dungeon)
  7229 | D:6      | Noticed Edmund
  7239 | D:6      | Killed Edmund
  7436 | D:7      | Reached skill level 11 in Maces & Flails
  7436 | D:7      | Reached XP level 9. HP: 70/75 MP: 8/8
  7522 | D:7      | Identified the Reference Book on Air and Earth
  7935 | D:7      | Found a deep blue altar of Sif Muna.
  7946 | D:7      | Reached skill level 12 in Maces & Flails
  8191 | D:7      | Found a hide-covered altar of Uskayaw.
  8192 | D:7      | Found an ornate altar of the Wu Jian Council.
  8192 | D:7      | Found a shattered altar of Ashenzari.
  8366 | D:7      | Found a glowing golden altar of the Shining One.
  8369 | D:7      | Became a worshipper of the Shining One
  8530 | D:8      | Paralysed by a hornet for 1 turns
  8535 | D:8      | Paralysed by a hornet for 3 turns
  8799 | D:8      | Found a bloodstained altar of Trog.
  8833 | D:8      | Found a sacrificial altar of Ru.
  8940 | D:8      | Noticed a two-headed ogre
  8946 | D:8      | Killed a two-headed ogre
  8946 | D:8      | Reached skill level 13 in Maces & Flails
  8946 | D:8      | Reached skill level 10 in Armour
  8946 | D:8      | Reached XP level 10. HP: 74/86 MP: 9/9
  8982 | D:8      | Noticed a two-headed ogre
  8991 | D:8      | Killed a two-headed ogre
  9118 | D:8      | Found a sparkling altar of Nemelex Xobeh.
  9152 | D:8      | Noticed Dickchan's ghost (novice DrTm)
  9164 | D:8      | Killed Dickchan's ghost
  9241 | D:8      | Reached * piety under the Shining One
  9510 | D:8      | Reached skill level 14 in Maces & Flails
 10137 | D:9      | Noticed a two-headed ogre
 10144 | D:9      | Killed a two-headed ogre
 10640 | D:9      | Found a white marble altar of Elyvilon.
 10642 | D:9      | Noticed a two-headed ogre
 10648 | D:9      | Killed a two-headed ogre
 10648 | D:9      | Reached XP level 11. HP: 38/94 MP: 10/10
 10975 | D:9      | Reached ** piety under the Shining One
 11163 | D:9      | Found a staircase to the Orcish Mines.
 11389 | D:10     | Entered Level 10 of the Dungeon
 11405 | D:10     | Reached skill level 15 in Maces & Flails
 11492 | D:10     | Noticed Grum
 11521 | D:10     | Killed Grum
 11911 | D:10     | HP: 2/95 [yak (4)]
 11916 | D:10     | Slain by an iguana

Skill      XL: |  1  2  3  4  5  6  7  8  9 10 11 |
---------------+----------------------------------+-----
Armour         | 4 5 6 7 8 10 11 12 | 12.3
Maces & Flails | 3 4 5 7 8 11 13 14 15 | 15.2
Fighting       | 4 5 6 7 8 |  8.6
Shields        | |  3.6

Action                   |  1- 3 |  4- 6 |  7- 9 | 10-12 || total
-------------------------+-------+-------+-------+-------++-------
Melee: Flail             |   125 |   203 |   393 |   270 ||   991
       Headbutt          |    15 |    30 |    64 |    54 ||   163
Invok: Divine Shield     |       |       |       |     2 ||     2
  Use: Scroll            |       |     7 |     1 |     3 ||    11
       Potion            |       |     1 |     6 |     7 ||    14
  Eat: Chunk             |     1 |     4 |     7 |     3 ||    15
       Ration            |       |     1 |     3 |     3 ||     7
Armor: Plate armour      |   116 |   118 |   216 |   123 ||   573
       Scale mail        |     3 |       |       |       ||     3
Dodge: Dodged            |    31 |    32 |    63 |    52 ||   178
Block: Shield            |    83 |   112 |   181 |   114 ||   490
